top 5 ghoster, top tier micro, top tier plays

Match 30313342
End
Royal Engineer Section
Construct Section Command Post
Infantry Section
Infantry Section
Infantry Section
Construct Field Infirmary
Construct Platoon Command Post
Humber Armored Car
Vickers Machine Gun Team
Selects Heavy Armor Battlegroup
Selects Rigorous Vehicle Training
Infantry Training
Infantry Section
6-pounder Anti-tank Gun Team
RtN.momo4sho
Reakly
0
0

Comments sign in to comment!

IIGaryII 10 months ago

Hello Momo, and Reakly. Thanks you for this exchange !! Well, this "game" resume the future match up WM vs Allied (US and UKF). If you want "win", the WM's Army can be stored at the museum !! Look for tactics and strategies now !! ... First, I want to begin by Devs's joke => "Pioneer, +10Hp by soldiers on v1.8.0, to increase his life on the field". 2min40s on the clock, the Pioneer, out of cover, fall down in 4s, under the UKF Riflemen fire ... LoL ... Reakly "try" the Pioneers => Now, he knows => WM Pioneer is still useless, WM Pioneer must be forgotten, and WM Pioneer stays the first main failure of WM (free unit on borrowed time)... ... Second, The second Devs's joke. Devs don’t want to see or understand anything. The Grenadier is the backbone of the WM, as the Riflemen for the UKF and the US, at the same cost (260 Manpower). But UKF Riflemen is +33% powered than Grenadier at long range. (And US Riflemen is +33% powered than Grenadier at short). Even a child go to understand that and use Allied Riflemen correctly. The consequences on the fights are disastrous. => WM cannot keep positions => "Map control" disappears, with the game !! And "No Pioneer Flamethrower", MP40 Grenadiers (long range) weakened, PzGrenadier (none existent long range) accelerated the defeat of Reakly... ... Third, the "Third Devs's joke : the delayed vehicle project" => Humber take +5 fuel's cost (+12s fuel income) => Just nothing => Momo keep the same build order and the same plan... ... Fourth, the "Fourth Devs's joke (Devs love taking the mickey) : WM vehicle are delayed too" => Wow wait wait wait !! WM vehicles already come between 1 and 3 min after Allied vehicle on the last version !! => Guys you can forget 221, Stummel, Wirbelwind, Marder and StuG !! => All this stuff ... at the museum of CoH3... ... 5th joke, now !! The "8 Rad" cannot be use now (+1 commander point). In fact, that means can come between 11 and 13min on the game. But 14min is enough for Allied army for fast Medium Tank. So "8 Rad" come too later to be used now... (But US M8 Scott stay on the same timing (7-9 min), always with "uncounterable phophorus smokes" ... "lmao") ... ... 6th joke. Look at this game. It is a excellent example. Momo stay on the same plan (fast humber). And Reakly's plan is 221 41 Canon to counter that. First, 221 come 1 min later, and need 45s to upgrade 41 canon => A really problem's first issue. And, now "8 Rad" problem doesn't exist anymore (like all others WM vehicle). So ... Momo knows that, and Momo doesn't make "boys", "Upgrade Grenade", or "Stuart" => Just not needed, keep the "bluff", because tested this "bluff" with 221 <=> Death of 221 => Let's go on Bren and Snipers on their UKF Riflemen and keep "fuel" for a faster "late game timing" => Grenadier cannot be upgraded (+160 manpower for Jager and PzGrenadier, a too heavy cost) and already loose vs none upgrade UKF Riflemen. The "game" become a "nightmare" for Reakly, and all others WM players too... ... 7th, The WM sniper's choice. Reakly wanted to try too faster the v1.8.0 without read Devs's notes. Sniper cost 340 Manpower now. Already difficult to play and make profitable. Now, it is just a "worth choice". And UKF Humber have a "special buff" against snipers to kill them on long range... Huh !? => WM Sniper => at the museum !!! ... Finally; i want to talk about "something". I scouted probably 1000 1v1 games on CoH3, and CoH 3 have very good players on Top100. But, in my opinion, FeriG, Reakly, OrangePest, Theodosios, and Isildur are the better "skills" players who have seen, each guys for several different reasons. ("Sorry" about the others top 100 very good players) ... And, All this 5 guys have really difficulties in WM side only (long games, problems unsolvable in the fights, "map control" often failures). => This cannot be a coincidence !!!

Reakly 10 months ago

wow did you really win Reakly? first win in 2-3 months?? I don't remember, lol. But I'm sick of this rookie being in the top 5 of the ladder! Your 5+ years of gaming experience makes itself felt on this newbie. We should celebrate this at a restaurant, I know a good one. It has very tender meat with a sweet and sour sauce, definitely good.